 Dungeon Crawl Stone Soup version 0.23.2-40-g277498a001 (webtiles) character file.

Game seed: 13612045728903562675

497 biggiOS the Covered (level 6, -3/52 HPs)
             Began as a Minotaur Wanderer on Aug 14, 2019.
             Killed from afar by Harold (15 damage)
             ... with a wand of acid (8)
             ... on level 7 of the Dungeon.
             The game lasted 00:14:04 (1039 turns).

biggiOS the Covered (Minotaur Wanderer)             Turns: 1039, Time: 00:14:05

Health: -3/52      AC:  9    Str: 22    XL:     6   Next: 93%
Magic:  5/5        EV: 10    Int:  6    God:
Gold:   62         SH:  0    Dex:  9    Spells: 5/5 levels left

rFire    . . .     SeeInvis .   i - +0 battleaxe
rCold    . . .     Gourm    .   (shield currently unavailable)
rNeg     . . .     Faith    .   b - +2 scale mail
rPois    .         Spirit   .   (helmet restricted)
rElec    .         Reflect  .   (no cloak)
rCorr    .         Harm     .   (no gloves)
MR       .....                  (no boots)
Stlth    ..........             (no amulet)
HPRegen  0.17/turn              e - -3 ring of intelligence (curse)
MPRegen  0.09/turn              k - +3 ring of strength

@: no status effects
A: retaliatory headbutt, horns 2
a: no special abilities


You were on level 7 of the Dungeon.
You were hungry.

You visited 1 branch of the dungeon, and saw 7 of its levels.
You also visited: Sewer.

You collected 62 gold pieces.

Inventory:

Hand Weapons
 a - a +0 hand axe
 i - a +0 battleaxe (weapon)
Armour
 b - a +2 scale mail (worn)
 c - a +0 large shield
 n - a +0 ring mail
Jewellery
 e - a cursed -3 ring of intelligence (left hand)
 f - a +4 ring of intelligence
 g - an uncursed ring of stealth
 k - a +3 ring of strength (right hand)
Wands
 m - a wand of enslavement (1)
Scrolls
 l - a scroll of identify
Potions
 h - a potion of curing
 j - 3 potions of brilliance
Comestibles
 d - 4 rations


   Skills:
 + Level 3.8 Fighting
 + Level 6.0 Axes
 + Level 2.0 Throwing
 + Level 7.0 Armour
 + Level 2.2 Dodging
 + Level 0.2 Stealth
 + Level 0.8 Shields


You had 5 spell levels left.
You didn't know any spells.
Your spell library was empty.

Dungeon Overview and Level Annotations

Branches:
Dungeon (7/15)
 Temple: D:4-7

Altars:

Shops:
D:7 :

Annotations:
D:7 Harold


Innate Abilities, Weirdness & Mutations

You reflexively headbutt those who attack you in melee.
You have a pair of horns on your head.


Message History

An orc comes into view.
It is wielding a +0 flail of holy wrath.
The orc hits your orc with a +0 club. The orc wizard barely misses you.
Your orc closely misses the orc wizard.
Harold hits you from afar with a +0 halberd.
The orc barely misses your orc.
You slash the orc wizard!
You kill the orc wizard!
Your Armour skill increases to level 7!
An adder comes into view.
Harold zaps a wand.
The bolt of acid hits your orc!
Your orc is splashed with acid.
The acid corrodes your orc!
Your orc dies!
The bolt of acid hits you!
You are splashed with acid!
* * * LOW HITPOINT WARNING * * *
Aiming: Enslavement
Press: ? - help, Shift-Dir - straight line, f - orc, p - Harold
Aim: an orc, wielding a +0 club (chance to defeat MR: 63%)
The orc resists with significant effort.
Harold zaps a wand.
The bolt of acid hits you!
You die...

#.#.....(.....#
#.#...........#
#.#...........###.
#.#.†............. #
#.#(#######.######
#.###.........#.#
...#..o..........#.######
..S'.o@).........#.......
...#####@.∩......########
#.........# #.........#
#.........# ..........#
#..........# #..........#
#...........


You could see Harold, an adder and 2 orcs.

Vanquished Creatures
  A black bear (D:7)
  2 bullfrogs (D:7)
  A scorpion (D:6)
  A howler monkey (D:7)
  A crimson imp (D:7)
  A hound (D:5)
  An orc wizard (D:7)
  2 river rats (D:5)
  3 adders
  4 worms
  2 dart slugs (D:2)
  A leopard gecko (D:4)
  2 orcs
  5 bats (D:2)
  A goblin (D:2)
  6 hobgoblins
  2 jackals (D:2)
  2 quokkas
  A ball python (D:5)
  5 frilled lizards
  3 kobolds
  4 rats
51 creatures vanquished.

Vanquished Creatures (others)
  2 orcs (D:7)
2 creatures vanquished.

Grand Total: 53 creatures vanquished

Notes
Turn   | Place    | Note
-------+----------+-------------------------------------------
     0 | D:1      | biggiOS the Minotaur Wanderer began the quest for the Orb.
     0 | D:1      | biggiOS set off with the following items: a +0 hand axe, a
                  | +2 scale mail, a potion of lignification, a ration
     0 | D:1      | Reached XP level 1. HP: 18/18 MP: 0/0
    72 | D:2      | Reached skill level 5 in Armour
   137 | D:2      | Reached XP level 2. HP: 13/25 MP: 1/1
   341 | D:2      | Reached XP level 3. HP: 25/30 MP: 2/2
   634 | D:5      | Entered Level 5 of the Dungeon
   634 | D:5      | Found a glowing drain.
   643 | D:5      | Reached XP level 4. HP: 21/37 MP: 3/3
   643 | D:5      | Reached skill level 1 in Dodging
   646 | D:5      | Reached skill level 6 in Armour
   706 | Sewer    | Entered a sewer
   841 | D:5      | You fall through a shaft!
   854 | D:6      | Reached XP level 5. HP: 35/45 MP: 4/4
   890 | D:7      | Noticed a black bear
   895 | D:7      | Killed a black bear
   895 | D:7      | Reached skill level 5 in Axes
   895 | D:7      | Reached XP level 6. HP: 26/51 MP: 5/5
  1001 | D:7      | Found Kuam's Book Emporium.
  1030 | D:7      | Noticed Harold
  1038 | D:7      | Reached skill level 7 in Armour
  1039 | D:7      | Killed from afar by Harold

Skill      XL: |  1  2  3  4  5  6 |
---------------+-------------------+-----
Armour         | 5 6 7 |  7.0
Axes           | 3 4 5 6 |  6.0
Dodging        | 1 2 |  2.2
Fighting       | 3 |  3.8
Throwing       | |  2.0
Stealth        | |  0.2
Shields        | |  0.8

Action                   |  1- 3 |  4- 6 || total
-------------------------+-------+-------++-------
Melee: Hand axe          |    83 |    28 ||   111
       Headbutt          |    16 |     4 ||    20
       Battleaxe         |       |    23 ||    23
Evoke: Wand              |       |     6 ||     6
  Use: Scroll            |     4 |       ||     4
       Potion            |     1 |     4 ||     5
Armor: Scale mail        |    62 |    17 ||    79
       Skin              |    11 |    13 ||    24
Dodge: Dodged            |    40 |    29 ||    69
Block: Large shield      |       |     4 ||     4
